 Dungeon Crawl Stone Soup version 0.23.2-40-g277498a001 (webtiles) character file.

Game seed: 16528109994319558931

140 Exodus22XD the Chopper (level 5, -6/47 HPs)
             Began as a Hill Orc Fighter on Sept 6, 2019.
             Was an Initiate of Beogh.
             Mangled by a gnoll
             ... wielding a +0 flail
              (9 damage)
             ... on level 4 of the Dungeon.
             The game lasted 00:02:57 (1088 turns).

Exodus22XD the Chopper (Hill Orc Fighter)           Turns: 1088, Time: 00:02:58

Health: -6/47      AC:  7    Str: 20    XL:     5   Next: 22%
Magic:  5/5        EV:  7    Int:  8    God:    Beogh [......]
Gold:   36         SH:  9    Dex: 10    Spells: 4/4 levels left

rFire    . . .     SeeInvis .   a - +0 war axe
rCold    . . .     Gourm    .   c - +0 shield
rNeg     . . .     Faith    .   b - +0 scale mail
rPois    .         Spirit   .   (no helmet)
rElec    .         Reflect  .   (no cloak)
rCorr    .         Harm     .   (no gloves)
MR       .....                  (no boots)
Stlth    ..........             (no amulet)
HPRegen  0.15/turn              (no ring)
MPRegen  0.09/turn              (no ring)

@: no status effects
A: no striking features
a: Renounce Religion


You were on level 4 of the Dungeon.
You worshipped Beogh.
Beogh was noncommittal.
You were not hungry.

You visited 1 branch of the dungeon, and saw 3 of its levels.

You collected 36 gold pieces.

Inventory:

Hand Weapons
 a - a +0 war axe (weapon)
Armour
 b - a +0 scale mail (worn)
 c - a +0 shield (worn)
Scrolls
 e - a scroll of magic mapping
 g - 2 scrolls of identify
 i - a scroll of enchant weapon {unknown}
 j - a scroll of fog {unknown}
 m - a scroll of immolation {unknown}
Potions
 d - a potion of might
 n - 2 potions of degeneration {unknown}
Comestibles
 f - 3 rations
 h - 2 chunks of flesh


   Skills:
 + Level 4.3 Fighting
 + Level 4.5 Axes
 + Level 4.2 Armour
 + Level 0.3 Dodging
 + Level 4.0 Shields
 * Level 1.0 Invocations


You had 4 spell levels left.
You didn't know any spells.
Your spell library was empty.

Dungeon Overview and Level Annotations

Branches:
Dungeon (2/15)

Altars:
Ashenzari


Message History

Beogh accepts your kill.
Your Invocations skill increases to level 1!
The gnoll barely misses you. You block the gnoll's attack.
You hit the gnoll.
The gnoll is severely wounded.
You hit the gnoll. The gnoll hits you with a +0 flail.
* * * LOW HITPOINT WARNING * * *
The gnoll hits you but does no damage.
Unknown command.
You closely miss the gnoll.
The gnoll is severely wounded.
You slash the gnoll! The gnoll closely misses you.
The gnoll hits you with a +0 flail.
* * * LOW HITPOINT WARNING * * *
The gnoll barely misses you.
You barely miss the gnoll.
The gnoll is severely wounded.
You hit the gnoll. You block the gnoll's attack.
The gnoll hits you with a +0 flail!
You die...

##########
.........#
########.#######
#.##### #######
#........
.......###.).gg#
#..######
......g....###@#
#..#
.......##### #.#
###..# #####..
#.# #....# ....
#.######.#.###
###..
#............#
#..
########.#.#.#
..g #.#.#.# ..g
#.#.#.#####
#.#........


You could see 2 gnolls.

Vanquished Creatures
  A gnoll shaman (D:4)
  2 iguanas (D:4)
  2 gnolls (D:4)
  An adder (D:2)
  3 leopard geckos
  3 orcs
  3 bats (D:1)
  3 goblins (D:2)
  3 hobgoblins (D:1)
  4 kobolds (D:1)
  3 frilled lizards
  3 rats (D:1)
31 creatures vanquished.

Vanquished Creatures (others)
  An orc (D:4)
1 creature vanquished.

Grand Total: 32 creatures vanquished

Notes
Turn   | Place    | Note
-------+----------+-------------------------------------------
     0 | D:1      | Exodus22XD the Hill Orc Fighter began the quest for the
                  | Orb.
     0 | D:1      | Reached XP level 1. HP: 19/19 MP: 1/1
   211 | D:1      | Reached XP level 2. HP: 27/27 MP: 2/2
   713 | D:2      | Reached XP level 3. HP: 33/33 MP: 3/3
   767 | D:2      | You fall through a shaft for 2 floors!
   781 | D:4      | Found a shattered altar of Ashenzari.
   831 | D:4      | Reached XP level 4. HP: 29/40 MP: 4/4
   922 | D:4      | Became a worshipper of Beogh the Brigand
  1071 | D:4      | Reached XP level 5. HP: 34/47 MP: 5/5
  1085 | D:4      | Reached skill level 1 in Invocations
  1088 | D:4      | Mangled by a gnoll

Skill      XL: |  1  2  3  4  5 |
---------------+----------------+-----
Fighting       | 4 |  4.3
Axes           | 3 4 |  4.5
Armour         | 4 |  4.2
Shields        | 4 |  4.0
Invocations    | 1 |  1.0
Dodging        | |  0.3

Action                   |  1- 3 |  4- 6 || total
-------------------------+-------+-------++-------
Melee: War axe           |    87 |    40 ||   127
Invok: Convert to Beogh  |       |     1 ||     1
  Use: Scroll            |       |     3 ||     3
       Potion            |       |     3 ||     3
  Eat: Chunk             |       |     1 ||     1
Armor: Scale mail        |    46 |     9 ||    55
Dodge: Dodged            |    36 |    18 ||    54
Block: Shield            |    53 |    20 ||    73
